 Dungeon Crawl Stone Soup version 0.29-a0-284-gf9362112df (webtiles) character file.

Game seed: 3259505576166897926

3016 Strat the Carver (level 9, -6/72 HPs)
             Began as a Barachi Abyssal Knight on Mar 21, 2022.
             Was an Elder of Lugonu.
             Mangled by a wolf (9 damage)
             ... on level 8 of the Dungeon.
             The game lasted 00:18:32 (11675 turns).

Strat the Carver (Barachi Abyssal Knight)          Turns: 11675, Time: 00:18:32

Health: -6/72      AC: 11    Str: 14    XL:     9   Next: 85%
Magic:  10/10      EV:  9    Int: 11    God:    Lugonu [****..]
Gold:   623        SH: 11    Dex: 17    Spells: 8/8 levels left

rFire   . . .      SeeInvis .   a - +2 falchion
rCold   . . .      Faith    .   q - +0 buckler
rNeg    + . .      Spirit   .   h - +1 scale mail
rPois   .          Reflect  +   v - +0 helmet
rElec   .          Harm     .   x - +0 cloak
rCorr   .          Rampage  .   (no gloves)
Will    .....                   (no boots)
Stlth   ..........              o - amulet of reflection
HPRegen 0.22/turn               B - ring of positive energy
MPRegen 0.12/turn               (no ring)

@: slow
A: amphibious, slowness 1, strong legs 1, +LOS
a: Hop, Renounce Religion, Depart the Abyss, Bend Space, Banish, Corrupt


You were on level 8 of the Dungeon.
You worshipped Lugonu.
Lugonu was greatly pleased with you.
You visited 1 branch of the dungeon, and saw 8 of its levels.
You visited the Abyss 1 time.

You collected 623 gold pieces.

Inventory:

Hand Weapons
 a - a +2 falchion (weapon)
 b - a +0 hunting sling
Missiles
 c - 12 boomerangs
 d - 270 stones (quivered)
 f - 8 poisoned darts
 l - 4 atropa-tipped darts
 y - 4 curare-tipped darts
 F - 2 javelins
Armour
 h - a +1 scale mail (worn)
 q - a +0 buckler (worn)
 v - a +0 helmet (worn)
 x - a +0 cloak (worn)
Magical Staves
 e - a staff of earth
Jewellery
 o - an amulet of reflection (around neck)
 B - a ring of positive energy (left hand)
Wands
 j - a wand of acid (10)
 D - a wand of digging (6)
Scrolls
 g - a scroll of amnesia
 p - 2 scrolls of fog
Potions
 i - a potion of ambrosia
 n - 2 potions of resistance {unknown}
 r - 3 potions of cancellation
 s - 2 potions of lignification {unknown}
 t - a potion of flight {unknown}
 u - a potion of magic {unknown}
 w - a potion of attraction {unknown}
 z - 2 potions of berserk rage {unknown}
 A - a potion of brilliance {unknown}
 C - a potion of curing {unknown}


   Skills:
 + Level 7.4 Fighting
 + Level 11.8 Long Blades
 + Level 6.6 Armour
 - Level 2.0 Dodging
 - Level 5.0 Shields
 - Level 2.2 Invocations


You had 8 spell levels left.
You didn't know any spells.
Your spell library contained the following spells:

 Spells                   Type           Power      Damage    Failure   Level
 Freeze                   Ice            0%         1d3       86%         1
 Magic Dart               Conj           0%         1d3       86%         1
 Shock                    Conj/Air       0%         1d3       86%         1
 Call Imp                 Summ           0%         N/A       94%         2
 Passwall                 Tmut/Erth      0%         N/A       94%         2
 Frozen Ramparts          Ice            0%         1d2       99%         3
 Mephitic Cloud           Conj/Pois/Air  0%         N/A       99%         3
 Spider Form              Tmut/Pois      0%         N/A       99%         3
 Swiftness                Air            0%         N/A       99%         3
 Airstrike                Air            0%         N/A       100%        4
 Summon Forest            Summ/Tloc      0%         N/A       100%        5
 Eringya's Noxious Bog    Tmut/Pois      0%         N/A       100%        6
 Summon Hydra             Summ           0%         N/A       100%        7


Dungeon Overview and Level Annotations

Branches:
Dungeon (8/15)             Temple (0/1) D:5
   Lair: D:8-11

Altars:
Fedhas
Makhleb
Sif Muna
Trog
Vehumet
Wu Jian

Shops:
D:3 =*


Innate Abilities, Weirdness & Mutations

You are amphibious.
You cover ground slowly.
You can hop short distances.
You have an extended range of vision and can be seen from far away.


Message History

Deactivating autopickup; reactivate with Ctrl-A.
The orc wizard hits you with a +0 dagger.
* * * LOW HITPOINT WARNING * * *
As you read the scroll of fog, it crumbles to dust.
The scroll dissolves into smoke.
The orc wizard hits you with a +0 dagger.
* * * LOW HITPOINT WARNING * * *
The orc wizard gestures at you while chanting.
The puff of flame hits you.
* * * LOW HITPOINT WARNING * * *
The wolf bites you!
* * * LOW HITPOINT WARNING * * *
The orc priest miscasts a cantrip.
The orc wizard casts a spell at you.
The magic dart hits you but does no damage.
The orc wizard casts a spell.
The orc wizard flickers and vanishes!
Hop to where?
Press: ? - help, Dir - move target, f - orc
Aim: an orc, wielding a +0 mace (purple smoke)
Okay, then.
The orc wizard attacks as you move away!
The orc wizard barely misses you. The wolf attacks as you move away!
You block the wolf's attack. The wolf bites you but does no damage.
The orc priest barely misses you. You block the orc's attack.
The wolf bites you but does no damage. The orc barely misses you.
You block the orc's attack. The orc attacks as you move away!
You block the orc's attack. The wolf bites you.
* * * LOW HITPOINT WARNING * * *
The orc hits you but does no damage. The orc hits you with a +0 mace.
* * * LOW HITPOINT WARNING * * *
You block the wolf's attack. The orc hits you but does no damage.
The wolf attacks as you move away! The wolf bites you but does no damage.
You block the wolf's attack. The orc closely misses you.
You block the wolf's attack. The wolf attacks as you move away!
You block the wolf's attack. The wolf bites you but does no damage.
The wolf attacks as you move away! You block the wolf's attack.
The wolf bites you!
You die...

.........#......
......####....).
########### ....>
#...... #..§o§§§o.#
.... #......
#..§§oo{§.# .##
#...... #..§§o§o§o#
#...... #..§§§oo..#
# #######
#.§§§..ooo###.######
#.§....≈..h@........
#........§###.######
#.........# ###
#.........# #.. #
#.........# #.# .#
#######.##
#o#oo#.### #.
#<.oo..... #.
#.######## ## ...


You could see 2 orc warriors, a wolf, an orc priest and 3 orcs.

Vanquished Creatures
  A troll (D:8)
  2 steam dragons
  2 yaks (D:8)
  Menkaure (D:7)
  2 water moccasins
  2 ice beasts
  2 black bears
  2 wolves (D:8)
  3 centaurs
  2 phantoms (D:6)
  A bullfrog (D:6)
  3 necrophages
  2 scorpions
  A howler monkey (D:5)
  A jelly (D:4)
  An orc priest (D:5)
  7 hounds
  2 iguanas
  An orc wizard (D:7)
  Robin (D:2)
  8 gnolls
  4 adders
  A worm (D:2)
  2 dart slugs (D:2)
  21 orcs
  7 bats
  6 endoplasms
  2 giant cockroaches (D:3)
  14 goblins
  4 hobgoblins
  7 jackals
  3 quokkas
  9 ball pythons
  6 frilled lizards
  7 kobolds
  6 rats
146 creatures vanquished.

Vanquished Creatures (collateral kills)
  An orc wizard (D:7)
  2 orcs (D:7)
3 creatures vanquished.

Vanquished Creatures (others)
  A hound (D:6)
  6 fungi (D:7)
7 creatures vanquished.

Grand Total: 156 creatures vanquished

Notes
Turn   | Place    | Note
-------+----------+-------------------------------------------
     0 | Abyss:1  | Strat the Barachi Abyssal Knight began the quest for the
                  | Orb.
     0 | Abyss:1  | Reached XP level 1. HP: 18/18 MP: 2/2
    27 | Abyss:1  | Noticed a tentacled starspawn
    30 | D:1      | Escaped the Abyss
   544 | D:1      | Reached XP level 2. HP: 12/25 MP: 3/3
  1434 | D:2      | Reached XP level 3. HP: 27/30 MP: 4/4
  1558 | D:2      | Noticed Robin
  2297 | D:2      | Reached skill level 3 in Long Blades
  2297 | D:2      | Reached XP level 4. HP: 37/37 MP: 5/5
  2822 | D:3      | Found a shimmering blue altar of Sif Muna.
  2864 | D:3      | Found Pyteah's Assorted Antiques.
  2897 | D:3      | Got the Reference Book on the Snowflakes and Shape Shifting
  2899 | D:3      | Reached *** piety under Lugonu
  2954 | D:3      | Reached skill level 4 in Long Blades
  3215 | D:3      | Found Bedos's Jewellery Shop.
  3436 | D:3      | Reached XP level 5. HP: 42/42 MP: 6/6
  3760 | D:2      | Killed Robin
  4135 | D:4      | Reached skill level 5 in Long Blades
  4691 | D:4      | Reached **** piety under Lugonu
  4828 | D:4      | Reached skill level 6 in Long Blades
  4828 | D:4      | Reached XP level 6. HP: 39/48 MP: 7/7
  4945 | D:4      | Found a radiant altar of Vehumet.
  5442 | D:5      | Entered Level 5 of the Dungeon
  5442 | D:5      | Noticed an ice beast
  5460 | D:4      | Killed an ice beast
  5461 | D:4      | Reached skill level 1 in Shields
  5611 | D:5      | Noticed a black bear
  5625 | D:5      | Killed a black bear
  5626 | D:5      | Reached XP level 7. HP: 40/54 MP: 8/8
  5805 | D:5      | Found a staircase to the Ecumenical Temple.
  6150 | D:5      | Reached skill level 7 in Long Blades
  6485 | D:5      | Reached skill level 5 in Armour
  6869 | D:5      | Reached XP level 8. HP: 50/60 MP: 9/9
  7180 | D:6      | Reached skill level 8 in Long Blades
  7194 | D:6      | Reached skill level 5 in Shields
  7313 | D:6      | Reached skill level 9 in Long Blades
  7753 | D:6      | Found an ornate altar of the Wu Jian Council.
  7782 | D:6      | Found a blossoming altar of Fedhas.
  8024 | D:6      | Reached skill level 10 in Long Blades
  8468 | D:7      | Noticed Menkaure
  8738 | D:7      | Noticed Prince Ribbit
  9418 | D:7      | Found a bloodstained altar of Trog.
  9459 | D:7      | Reached skill level 5 in Fighting
  9459 | D:7      | Reached XP level 9. HP: 66/68 MP: 10/10
  9751 | D:7      | Found a burning altar of Makhleb.
  9846 | D:7      | Killed Menkaure
 10065 | D:7      | Reached skill level 11 in Long Blades
 11295 | D:8      | Noticed a troll
 11304 | D:8      | Killed a troll
 11672 | D:8      | HP: 3/72 [orc/+0 mace (3)]
 11675 | D:8      | Mangled by a wolf

Illustrated notes

Levels and vault maps discovered:
D:1:      scummos_arrival_checkerplants, layout_basic
D:2:      layout_basic, uniq_robin
D:3:      layout_basic, mainiacjoe_overflow_alcove_4, serial_shops,
          shop_fountains, nicolae_shop_advertising_works
          [nicolae_subvault_shop_adworks], minmay_box_of_dots
D:4:      layout_cave_pods, kennysheep_mini_moat
D:5:      layout_gridville, minmay_temple_entry_grid, st_stairs_3
D:6:      layout_layer_cave, amcnicky_altar_gilded,
          pdpol_wu_jian_five_deadly_venoms, minmay_misc_feat_x
D:7:      layout_basic, marbit_many_paths, mainiacjoe_overflow_cross_hatched,
          uniq_prince_ribbit1, uniq_menkaure
D:8:      layout_basic, erik_lair_island

Skill      XL: |  1  2  3  4  5  6  7  8  9 |
---------------+----------------------------+-----
Invocations    | 2 |  2.2
Fighting       | 4 5 7 |  7.4
Long Blades    | 3 4 6 7 10 11 | 11.8
Armour         | 3 4 5 6 |  6.6
Dodging        | 2 |  2.0
Shields        | 2 4 5 |  5.0

Action                   |  1- 3 |  4- 6 |  7- 9 || total
-------------------------+-------+-------+-------++-------
Melee: Falchion          |    83 |   176 |   377 ||   636
       Punch             |     2 |       |       ||     2
 Fire: Hunting sling     |    33 |   111 |    48 ||   192
Invok: Depart the Abyss  |     1 |       |       ||     1
 Abil: Hop               |     1 |     1 |     2 ||     4
  Use: Scroll            |       |     9 |     8 ||    17
       Potion            |       |       |     5 ||     5
 Stab: Distracted        |       |       |     1 ||     1
Armor: Scale mail        |    44 |   111 |   139 ||   294
       Leather armour    |     9 |       |       ||     9
Dodge: Dodged            |    56 |    77 |   122 ||   255
Block: Buckler           |     1 |    84 |   209 ||   294
       Reflection        |       |     2 |     6 ||     8

Table legend: (Time is in decaauts)
 A = Elapsed time spent in this place.
 B = Non-inter-level travel time spent in this place.
 C = Inter-level travel time spent in this place.
 D = Time resting spent in this place.
 E = Time spent auto-exploring this place.
 F = Levels seen in this place.
 G = Mean time per level.
                   A        B        C        D        E       F      G
               +--------+--------+--------+--------+--------+-----+--------+
         Total |  12983 |  12454 |    529 |   3034 |   6836 |   9 | 1442.6 |
       Dungeon |  12947 |  12418 |    529 |   3034 |   6836 |   8 | 1618.4 |
         Abyss |     36 |     36 |      0 |      0 |      0 |   1 |   36.0 |
               +--------+--------+--------+--------+--------+-----+--------+

Top non-repeatable levels by time:
     D:6: 2061 daAuts
     D:7: 1922 daAuts
     D:2: 1751 daAuts
     D:4: 1696 daAuts
     D:5: 1660 daAuts
     D:1: 1497 daAuts
     D:3: 1335 daAuts
     D:8: 1022 daAuts
 Abyss:1: 36 daAuts
